 Dungeon Crawl Stone Soup version 0.20-a0-1058-g0491fde (webtiles) character file.

4 Firecrotchwizard the Poker (level 1, 16/16 HPs)
             Began as a Merfolk Gladiator on Apr 27, 2017.
             Quit the game on level 1 of the Dungeon.
             The game lasted 00:00:32 (286 turns).

Firecrotchwizard the Poker (Merfolk Gladiator)       Turns: 286, Time: 00:00:33

Health: 16/16      AC:  4    Str: 14    XL:     1   Next: 60%
Magic:  1/1        EV: 14    Int:  7    God:
Gold:   15         SH:  0    Dex: 15    Spells: 0/0 levels left

rFire    . . .     SeeInvis .   a - +0 trident
rCold    . . .     Gourm    .   (no shield)
rNeg     . . .     Faith    .   b - +0 leather armour
rPois    .         Spirit   .   c - +0 helmet
rElec    .         Reflect  .   (no cloak)
rCorr    .         Harm     .   (no gloves)
MR       .....                  (no boots)
Stlth    +.........             (no amulet)
Regen    0.1/turn               (no ring)
MPRegen  0.1/turn               (no ring)

@: no status effects
A: change form in water, swift swim, stealthy swim
a: no special abilities


You were on level 1 of the Dungeon.
You were not hungry.

You visited 1 branch of the dungeon, and saw 1 of its levels.

You collected 15 gold pieces.

Inventory:

Hand Weapons
 a - a +0 trident (weapon)
Missiles
 d - 3 throwing nets {=f, !d}
Armour
 b - a +0 leather armour (worn)
 c - a +0 helmet (worn)
Scrolls
 e - a scroll of fear {unknown}
Comestibles
 f - a bread ration {@e1}
 g - 2 chunks of flesh {@w0}


   Skills:
 - Level 2.1 Fighting
 * Level 4.8 Polearms
 - Level 2.0 Throwing
 - Level 4.0 Dodging


You couldn't memorise any spells.
You didn't know any spells.

Dungeon Overview and Level Annotations

Branches:
Dungeon (1/15)

Altars:


Message History

There is a large open door here.
You open the door.
There is an open door here.
Your legs become a tail as you enter the water.
You open the door.
There is an open door here.
You open the door.
There is an open door here.
You open the door.
There is an open door here.
You open the large door.
There is a large open door here.
Your legs become a tail as you enter the water.
A ball python comes into view.
The ball python hisses angrily.
You hit the ball python but do no damage.
The ball python bites you but does no damage.
The ball python barely misses you.
You closely miss the ball python. The ball python bites you.
The ball python closely misses you.
You take 1 damage, and have 15/16 hp.
You hit the ball python.
You kill the ball python!
No target in view!
e - a scroll labeled YNWUSCHIURE
Found an escape hatch in the floor.
Health restored: 16 You now have 1 gold piece.
A kobold comes into view. It is wielding a short sword.
The kobold shouts!
A hobgoblin comes into view. It is wielding a club.
The hobgoblin moves out of view.
A frilled lizard comes into view.
Things that are here:
14 gold pieces; 23 stones Attack whom?
Aim: a kobold, wielding a short sword You reach to attack!
The frilled lizard hisses angrily.
You hit the kobold. You barely miss the kobold. The kobold barely misses you.
You barely miss the kobold.
The hobgoblin shouts!
The kobold hits you but does no damage.
You hit the kobold. The kobold barely misses you.
The frilled lizard misses you.
Your leather armour prevents you from hitting the kobold.
The kobold hits you but does no damage. The frilled lizard barely misses you.
The kobold barely misses you.
You barely miss the kobold. The frilled lizard barely misses you.
The kobold closely misses you.
You puncture the kobold!
You kill the kobold!
The frilled lizard barely misses you.
You hit the frilled lizard. The hobgoblin hits you with a club.
The frilled lizard misses you.
You take 3 damage, and have 13/16 hp.
You puncture the frilled lizard!
You kill the frilled lizard!
The hobgoblin misses you.
You hit the hobgoblin but do no damage.
The hobgoblin hits you but does no damage.
You closely miss the hobgoblin. The hobgoblin closely misses you.
You closely miss the hobgoblin. The hobgoblin misses you.
You hit the hobgoblin but do no damage. The hobgoblin hits you with a club.
You take 1 damage, and have 13/16 hp.
You hit the hobgoblin but do no damage. The hobgoblin closely misses you.
You hit the hobgoblin. The hobgoblin barely misses you.
You barely miss the hobgoblin. The hobgoblin hits you with a club.
You take 1 damage, and have 12/16 hp.
You completely miss the hobgoblin. The hobgoblin hits you with a club.
You take 3 damage, and have 9/16 hp.
You barely miss the hobgoblin. The hobgoblin hits you with a club.
You take 2 damage, and have 7/16 hp.
You are too injured to fight recklessly!
You are too injured to fight recklessly!
You closely miss the hobgoblin. The hobgoblin misses you.
You hit the hobgoblin. The hobgoblin hits you with a club.
You take 1 damage, and have 6/16 hp.
You hit the hobgoblin.
You kill the hobgoblin!
Items here: )) †† a club; a short sword; a hobgoblin corpse; a kobold corpse You butcher the hobgoblin corpse.
g - a chunk of flesh {@w0}
Things that are here:
a club; a short sword; a kobold corpse You butcher the kobold corpse.
Items here: % )) ÷ a club; a short sword; an inedible chunk of flesh {@w0}; a kobold skeleton You now have 15 gold pieces (gained 14).
You see here 23 stones.
Items here: % )) ÷ a club; a short sword; an inedible chunk of flesh {@w0}; a kobold skeleton You see here a frilled lizard corpse.
You butcher the frilled lizard corpse.
g - 2 chunks of flesh {@w0} (gained 1)
You start resting.
Health restored: 16 Unknown command.

#...... #........
.#....# #........
#.#....#.
#........#+#.#......
#...... ............
#.#... #..>........
##.....##............≈≈
.......@.............≈≈≈
#......)(............≈≈≈
#.............###....≈≈≈
#....................≈≈≈
########.............≈≈≈
#.............≈≈≈
#.............≈≈≈
#.............≈≈≈
......(.........≈≈≈


There were no monsters in sight!

Vanquished Creatures
  A hobgoblin (D:1)
  A kobold (D:1)
  A ball python (D:1)
  A frilled lizard (D:1)
4 creatures vanquished.

Notes
Turn   | Place    | Note
-------+----------+-------------------------------------------
     0 | D:1      | Firecrotchwizard the Merfolk Gladiator began the quest for the Orb.
     0 | D:1      | Reached XP level 1. HP: 16/16 MP: 1/1
   286 | D:1      | Quit the game

Vault maps used:
D:1:      dpeg_arrival_castle

Action                   || total
-------------------------++-------
Melee: Trident           ||    24
Armor: Leather armour    ||     4
Dodge: Dodged            ||    17

Vault maps used:
D:1:      dpeg_arrival_castle

Table legend:
 A = Turns spent in this place as a percentage of turns spent in the entire game.
 B = Non-inter-level travel turns spent in this place as a percentage of non-inter-level travel turns spent in the entire game.
 C = Inter-level travel turns spent in this place as a percentage of turns spent in this place.
 D = Turns resting spent in this place as a percentage of non-inter-level travel turns spent in this place.
 E = Turns spent auto-exploring this place as a percentage of non-inter-level travel turns spent in this place.
 F = Non-inter-level travel turns spent in this place divided by the number of levels of this place that you've seen.
                   A       B       C       D       E      F
               +-------+-------+-------+-------+-------+----------------------
         Total | 100.0 | 100.0 |   0.0 |   3.4 |   8.6 |  58.0
       Dungeon | 100.0 | 100.0 |   0.0 |   3.4 |   8.6 |  58.0
               +-------+-------+-------+-------+-------+----------------------

Table legend:
 A = Kills in this place as a percentage of kills in entire the game.
 B = Kills by you in this place as a percentage of kills by you in the entire game.
 C = Kills by friends in this place as a percentage of kills by friends in the entire game.
 D = Other kills in this place as a percentage of other kills in the entire game.
 E = Experience gained in this place as a percentage of experience gained in the entire game.
 F = Experience gained in this place divided by the number of levels of this place that you have seen.
                   A       B       C       D       E      F
               +-------+-------+-------+-------+-------+----------------------
         Total | 100.0 | 100.0 |  -nan |  -nan | 100.0 |   6.0
       Dungeon | 100.0 | 100.0 |  -nan |  -nan | 100.0 |   6.0
               +-------+-------+-------+-------+-------+----------------------
